 Dungeon Crawl Stone Soup version 0.28.0-43-g3370ac3207 (webtiles) character file.

Game seed: 5958561133657844646

83 Ablot the Grasshopper (level 4, -3/38 HPs)
             Began as a Gnoll Warper on Mar 4, 2022.
             Slain by an iguana (12 damage)
             ... on level 3 of the Dungeon.
             The game lasted 00:02:18 (2913 turns).

Ablot the Grasshopper (Gnoll Warper)                Turns: 2913, Time: 00:02:18

Health: -3/38      AC:  3    Str: 13    XL:     4   Next: 44%
Magic:  17/20      EV: 12    Int: 12    God:
Gold:   94         SH:  0    Dex: 11    Spells: 11/13 levels left

rFire   . . .      SeeInvis .   a - +0 spear
rCold   . . .      Faith    .   (no shield)
rNeg    . . .      Spirit   .   b - +0 leather armour
rPois   .          Reflect  .   (no helmet)
rElec   .          Harm     .   (no cloak)
rCorr   .          Rampage  .   (no gloves)
Will    .....                   (no boots)
Stlth   +.........              (no amulet)
HPRegen 0.12/turn               l - ring of magical power
MPRegen 0.17/turn               (no ring)

@: on blink cooldown
A: fangs 1, strong nose, distributed training
a: no special abilities


You were on level 3 of the Dungeon.
You visited 1 branch of the dungeon, and saw 3 of its levels.

You collected 94 gold pieces.

Inventory:

Hand Weapons
 a - a +0 spear (weapon)
Missiles
 d - 5 boomerangs of dispersal (quivered)
 i - 95 stones
Armour
 b - a +0 leather armour (worn)
Jewellery
 l - a ring of magical power (left hand)
Scrolls
 c - a scroll of blinking
 e - a scroll of fear {unknown}
 f - 2 scrolls of identify {unknown}
 g - a scroll of silence {unknown}
 h - a scroll of amnesia {unknown}
 o - a scroll of enchant weapon {unknown}
Potions
 j - a potion of brilliance {unknown}
 k - a potion of might {unknown}
 m - a potion of berserk rage {unknown}
 n - a potion of heal wounds {unknown}


   Skills:
 + Level 4.6 Fighting
 + Level 1.1 Short Blades
 + Level 1.1 Long Blades
 + Level 1.1 Axes
 + Level 1.1 Maces & Flails
 + Level 4.6 Polearms
 + Level 1.1 Staves
 + Level 1.1 Slings
 + Level 1.1 Bows
 + Level 1.1 Crossbows
 + Level 2.7 Throwing
 + Level 2.7 Armour
 + Level 4.6 Dodging
 + Level 1.1 Stealth
 + Level 1.1 Shields
 + Level 1.1 Unarmed Combat
 + Level 5.1 Spellcasting
 + Level 0.9 Conjurations
 + Level 0.9 Hexes
 + Level 0.9 Summonings
 + Level 0.9 Necromancy
 + Level 5.4 Translocations
 + Level 0.9 Transmutations
 + Level 0.9 Fire Magic
 + Level 0.9 Ice Magic
 + Level 0.9 Air Magic
 + Level 0.9 Earth Magic
 + Level 0.9 Poison Magic
 + Level 1.2 Invocations
 + Level 1.1 Evocations


You had 11 spell levels left.
You knew the following spells:

 Your Spells              Type           Power      Damage    Failure   Level
a - Blink                 Tloc           32%        N/A       4%          2

Your spell library contained the following spells:

 Spells                   Type           Power      Damage    Failure   Level
 Gell's Gravitas          Tloc           16%        N/A       8%          3
 Lesser Beckoning         Tloc           16%        N/A       8%          3
 Teleport Other           Tloc           16%        N/A       8%          3
 Manifold Assault         Tloc           16%        N/A       58%         5


Dungeon Overview and Level Annotations

Branches:
Dungeon (3/15)

Altars:


Innate Abilities, Weirdness & Mutations

You have very sharp teeth.
Your uncanny sense of smell can sniff out nearby items.
Your experience applies equally to all skills.


Message History

The quokka is severely wounded.
The quokka bites you but does no damage.
You barely miss the quokka.
The quokka is severely wounded.
The quokka closely misses you.
You completely miss the quokka. You bite the quokka, but do no damage.
The quokka is severely wounded.
The quokka bites you.
* * * LOW HITPOINT WARNING * * *
The quokka bites you.
* * * LOW HITPOINT WARNING * * *
You hit the quokka.
You kill the quokka!
Unknown command.
Casting: Blink (safe; 4% risk of failure)
Confirm with . or Enter, or press ? or * to list all spells.
You blink.
Reach: a) +0 spear
Press: ? - help, Dir - move target, f - iguana
Aim: an iguana (translocational energy, lightly wounded, about 34% to evade your +0 spear)
You reach to attack!
You closely miss the iguana.
The iguana is lightly wounded.
You hit the iguana. Your bite misses the iguana.
The iguana is moderately wounded.
The iguana barely misses you.
You hit the iguana. You bite the iguana, but do no damage.
The iguana is heavily wounded.
The iguana barely misses you.
You closely miss the iguana.
The iguana is heavily wounded.
You feel stable enough to blink again.
Casting: Blink (safe; 4% risk of failure)
Confirm with . or Enter, or press ? or * to list all spells.
You blink.
You hit the iguana.
The iguana is almost dead.
You hit the iguana.
The iguana is almost dead.
The iguana bites you!
You die...

#.................#
#.#######.####.#### #.#
#.####.### #.####
#.##.....# #....#
#.##.....###### #.##.##
#.##..........#
#.....###.##.....####.#
#.#####.##.##.....# #.#
.# ##@#.####.### #.# #.
∆#l#.####.######.# ∆ #
∆∆ #§#.............# ∆
∆ ∆#.#####.######..# ∆
∆ ##.#####.# ##..# ∆∆
#####.###....# #...#
#....## #.#### #..##
##...# #>########..#
∆∆∆#..## #.#.........#


You could see an iguana.

Vanquished Creatures
  Jessica (D:3)
  7 bats
  2 endoplasms
  6 goblins (D:1)
  6 hobgoblins
  9 jackals
  3 kobolds
  2 quokkas
  6 ball pythons
  5 frilled lizards
  4 rats
51 creatures vanquished.

Notes
Turn   | Place    | Note
-------+----------+-------------------------------------------
     0 | D:1      | Ablot the Gnoll Warper began the quest for the Orb.
     0 | D:1      | Reached XP level 1. HP: 20/20 MP: 6/6
   157 | D:1      | Reached XP level 2. HP: 21/26 MP: 7/7
   161 | D:1      | Learned a level 2 spell: Blink
   219 | D:1      | Found a faded altar of an unknown god.
   749 | D:1      | Reached XP level 3. HP: 16/31 MP: 9/9
   919 | D:1      | Reached skill level 5 in Spellcasting
  1470 | D:2      | Reached skill level 1 in Invocations
  1924 | D:2      | Reached skill level 1 in Short Blades
  1924 | D:2      | Reached skill level 1 in Long Blades
  1924 | D:2      | Reached skill level 1 in Axes
  1924 | D:2      | Reached skill level 1 in Maces & Flails
  1924 | D:2      | Reached skill level 1 in Staves
  1924 | D:2      | Reached skill level 1 in Slings
  1924 | D:2      | Reached skill level 1 in Bows
  1924 | D:2      | Reached skill level 1 in Crossbows
  1924 | D:2      | Reached skill level 1 in Stealth
  1924 | D:2      | Reached skill level 1 in Shields
  1924 | D:2      | Reached skill level 1 in Unarmed Combat
  1924 | D:2      | Reached skill level 1 in Evocations
  2756 | D:3      | Noticed Jessica
  2767 | D:3      | Killed Jessica
  2768 | D:3      | Reached XP level 4. HP: 31/38 MP: 11/11
  2913 | D:3      | Slain by an iguana

Illustrated notes

Levels and vault maps discovered:
D:1:      heliophobic_arrival_henge, layout_basic,
          shapermc_ecumenical_altar_mp_ritualfount, minmay_tetromino_i2
D:2:      layout_basic
D:3:      layout_loops_ring, minmay_joined_circles, uniq_jessica, uniq_natasha,
          uniq_grinder, uniq_robin

Skill      XL: |  1  2  3 |
---------------+----------+-----
Spellcasting   | 5 |  5.1
Invocations    | 1 |  1.2
Short Blades   | 1 |  1.1
Long Blades    | 1 |  1.1
Axes           | 1 |  1.1
Maces & Flails | 1 |  1.1
Staves         | 1 |  1.1
Slings         | 1 |  1.1
Bows           | 1 |  1.1
Crossbows      | 1 |  1.1
Stealth        | 1 |  1.1
Shields        | 1 |  1.1
Unarmed Combat | 1 |  1.1
Evocations     | 1 |  1.1
Fighting       | |  4.6
Polearms       | |  4.6
Throwing       | |  2.7
Armour         | |  2.7
Dodging        | |  4.6
Conjurations   | |  0.9
Hexes          | |  0.9
Summonings     | |  0.9
Necromancy     | |  0.9
Translocations | |  5.4
Transmutations | |  0.9
Fire Magic     | |  0.9
Ice Magic      | |  0.9
Air Magic      | |  0.9
Earth Magic    | |  0.9
Poison Magic   | |  0.9

Action                   |  1- 3 |  4- 6 || total
-------------------------+-------+-------++-------
Melee: Spear             |   207 |    15 ||   222
       Bite              |    11 |     2 ||    13
       Punch             |     2 |       ||     2
 Cast: Blink             |       |     2 ||     2
Armor: Leather armour    |    53 |     1 ||    54
Dodge: Dodged            |   121 |     5 ||   126
